 Dungeon Crawl Stone Soup version 0.17-a0-2101-g0c122e7 (webtiles) character file.

294 Kidiri the Magician (level 6, -2/34 HPs)
             Began as a Deep Elf Fire Elementalist on Oct 18, 2015.
             Slain by an orc
             ... wielding a cursed +0 morningstar
              (11 damage)
             ... on level 3 of the Dungeon.
             The game lasted 00:13:26 (4738 turns).

Kidiri the Magician (Deep Elf Fire Elementalist)    Turns: 4738, Time: 00:13:26

Health: -2/34      AC:  8    Str:  5    XL:     6   Next: 11%
Magic:  14/14      EV:  0    Int: 22    God:
Gold:   117        SH:  0    Dex: 15    Spells: 5 memorised, 1 level left

rFire  . . .     SeeInvis .     e - +0 club
rCold  . . .     Clarity  .     d - +0 chain mail
rNeg   . . .     SustAt   .     (no shield)
rPois  .         Gourm    .     (no helmet)
rElec  .         Spirit   .     (no cloak)
rCorr  .         Warding  .     (no gloves)
rMut   .         Stasis   .     (no boots)
MR     .....                    (no amulet)
Stlth  ..........               (no ring)
                                (no ring)

@: not resistant to hostile enchantments, extremely unstealthy
A: no striking features
a: no special abilities


You were on level 3 of the Dungeon.
You were not hungry.

You visited 1 branch of the dungeon, and saw 3 of its levels.

You collected 117 gold pieces.

Inventory:

Hand Weapons
 e - a +0 club (weapon)
Armour
 a - a +1 robe
 d - a +0 chain mail (worn)
 g - a +0 scale mail
 k - a +0 leather armour
 m - a +0 ring mail
Scrolls
 l - a scroll of teleportation
Potions
 c - a potion of ambrosia
Books
 b - a book of Flames

   Spells                             Type                      Level
   a - Flame Tongue                   Conjuration/Fire             1
   b - Throw Flame                    Conjuration/Fire             2
   c - Conjure Flame                  Conjuration/Fire             3
   d - Inner Flame                    Hexes/Fire                   3
   e - Sticky Flame                   Conjuration/Fire             4
   f - Fireball                       Conjuration/Fire             5
Comestibles
 f - 2 beef jerkies
 h - a royal jelly
 j - 4 fruits


   Skills:
 + Level 1.1 Fighting
 + Level 0.9 Maces & Flails
 * Level 1.7 Armour
 + Level 3.5 Dodging
 + Level 3.5 Stealth
 * Level 4.5 Spellcasting
 + Level 2.5 Conjurations
 + Level 0.3 Hexes
 + Level 4.0 Fire Magic


You had one spell level left.
You knew the following spells:

 Your Spells              Type           Power        Failure   Level  Hunger
a - Flame Tongue          Conj/Fire      ###..        100%        1    None
b - Throw Flame           Conj/Fire      ###...       100%        2    None
c - Conjure Flame         Conj/Fire      ###.....     100%        3    ##.....
d - Inner Flame           Hex/Fire       ##......     100%        3    ##.....
e - Sticky Flame          Conj/Fire      ###.....     100%        4    ####...


Dungeon Overview and Level Annotations

Branches:
Dungeon (3/15)

Altars:
Fedhas
Ru


Message History

The orc throws a stone.
The stone hits you but does no damage. The orc hits you with a morningstar.
Items here: ))) [ † a mace; a hand axe; a leather armour; a falchion; an orc corpse You hit the orc.
The orc is heavily wounded.
The orc hits you but does no damage.
You hit the orc.
The orc is severely wounded.
The orc drinks a potion.
The orc is healed!
Your chain mail prevents you from hitting the orc.
The orc hits you with a morningstar.
You hit the orc.
The orc is moderately wounded.
The orc hits you with a morningstar!
* * * LOW HITPOINT WARNING * * *
Your chain mail prevents you from hitting the orc.
The orc is moderately wounded.
The orc hits you with a morningstar!
You die...

...(......#...§§§§§.#..≈≈≈.....#
#########.#...§§§§...P≈≈≈≈.....#
.......#<.#...§(##...≈≈≈≈≈.....#
......................≈≈)....###
.......#........##......P....#
########.#########...........#
#.# ###.####### #...........####
..###.....#....###...........#...
...............(@o...............
..###.###.'#######'.##.###.P.P...
### #. #..#...#...#.##+###P≈≈))P.
#####.##..#.).#...#......#P.≈≈≈P.
.[....##.##.......#......#.≈≈≈≈≈)
.#######.####._.###......#P≈≈....
.# #.##.......#......#P...)..
.#######..#.).#...#......####.###
..........#...#...#.####..# #.###


You could see an orc.

Vanquished Creatures
  An orc wizard (D:3)
  An orc priest (D:3)
  Jessica (D:3)
  Terence (D:2)
  2 worker ant zombies (D:3)
  3 adders (D:2)
  2 oozes (D:1)
  An adder zombie (D:3)
  An adder skeleton (D:3)
  2 worms (D:2)
  A giant gecko (D:2)
  16 orcs (D:3)
  3 giant cockroaches
  11 hobgoblins
  7 jackals
  9 bats
  A giant gecko zombie (D:3)
  2 giant newts (D:3)
  15 goblins
  10 kobolds
  A quokka skeleton (D:3)
  10 rats
  A plant (D:1)
102 creatures vanquished.

Notes
Turn   | Place    | Note
--------------------------------------------------------------
     0 | D:1      | Kidiri the Deep Elf Fire Elementalist began the quest for the Orb.
     0 | D:1      | Reached XP level 1. HP: 10/10 MP: 6/6
   319 | D:1      | Reached XP level 2. HP: 15/15 MP: 4/8
   323 | D:1      | Learned a level 2 spell: Throw Flame
  1149 | D:1      | Reached XP level 3. HP: 19/19 MP: 5/9
  1154 | D:1      | Learned a level 3 spell: Conjure Flame
  1457 | D:2      | Noticed Terence
  1480 | D:2      | Killed Terence
  1480 | D:2      | Reached skill level 1 in Armour
  1677 | D:2      | Reached XP level 4. HP: 20/24 MP: 6/11
  1697 | D:2      | Learned a level 3 spell: Inner Flame
  2870 | D:3      | Noticed Jessica
  2875 | D:3      | Killed Jessica
  2875 | D:3      | Reached skill level 4 in Spellcasting
  2875 | D:3      | Reached XP level 5. HP: 16/28 MP: 4/13
  3506 | D:3      | Found a blossoming altar of Fedhas.
  3526 | D:3      | Reached skill level 1 in Fighting
  4181 | D:3      | Found a sacrificial altar of Ru.
  4197 | D:3      | Reached XP level 6. HP: 30/34 MP: 11/14
  4203 | D:3      | Learned a level 4 spell: Sticky Flame
  4738 | D:3      | Slain by an orc

Vault maps used:
D:1:      evilmike_arrival_plus
D:2:      uniq_terence
D:3:      fedhas_altar_1, serial_undead, serial_undead_d, serial_undead_d,
          serial_undead_f, serial_undead_f, serial_undead_a, serial_undead_d,
          kennysheep_minor_cross, nicolae_ru_great_annihilating_truth,
          uniq_jessica

Action                   |  1- 3 |  4- 6 || total
-------------------------+-------+-------++-------
Melee: Unarmed           |     1 |       ||     1
       Club              |   111 |    57 ||   168
 Cast: Flame Tongue      |    43 |    77 ||   120
       Throw Flame       |    17 |    47 ||    64
       Conjure Flame     |       |     2 ||     2
       Inner Flame       |       |     1 ||     1
  Use: Scroll            |     3 |     2 ||     5
       Potion            |     2 |       ||     2
 Stab: Sleeping          |     1 |     4 ||     5
  Eat: Chunk             |     2 |     4 ||     6
       Pizza             |     1 |       ||     1
       Bread ration      |       |     1 ||     1
       Meat ration       |       |     1 ||     1
